 Dungeon Crawl Stone Soup version 0.26-a0-651-gb41185065b (webtiles) character file.

Game seed: 4369819793083213255

9233 HoaS the Severer (level 11, -10/75 HPs)
             Began as a Formicid Fighter on Oct 3, 2020.
             Was a Priest of Makhleb.
             Killed from afar by Erolcha (14 damage)
             ... with a bolt of cold
             ... on level 10 of the Dungeon.
             The game lasted 00:22:26 (8490 turns).

HoaS the Severer (Formicid Fighter)                 Turns: 8490, Time: 00:22:26

Health: -10/75     AC: 12    Str: 37    XL:     11   Next: 70%
Magic:  11/11      EV:  9    Int:  7    God:    Makhleb [***...]
Gold:   166        SH: 13    Dex: 10    Spells: 10/10 levels left

rFire    . . .     SeeInvis +   A - +3 battleaxe (flame)
rCold    . . .     Faith    .   c - +0 kite shield
rNeg     . . .     Spirit   .   f - +0 chain mail
rPois    .         Reflect  .   (helmet unavailable)
rElec    .         Harm     .   j - +0 cloak
rCorr    .         Rampage  .   k - +1 pair of gloves
MR       +....                  (no boots)
Stlth    ..........             i - amulet of the acrobat
HPRegen  0.22/turn              w - +6 ring of strength
MPRegen  0.12/turn              t - +6 ring of strength

@: no status effects
A: permanent stasis, dig shafts and tunnels, four strong arms, antennae 3
a: Dig, Shaft Self, Minor Destruction, Lesser Servant of Makhleb, Renounce
Religion


You were on level 10 of the Dungeon.
You worshipped Makhleb.
Makhleb was most pleased with you.
You visited 2 branches of the dungeon, and saw 11 of its levels.

You collected 686 gold pieces.
You spent 520 gold pieces at shops.

Inventory:

Hand Weapons
 y - a +0 morningstar
 A - a +3 battleaxe of flaming (weapon)
Armour
 c - a +0 kite shield (worn)
 f - a +0 chain mail (worn)
 j - a +0 cloak (worn)
 k - a +1 pair of gloves (worn)
Jewellery
 h - an uncursed ring of protection from fire
 i - an amulet of the acrobat (around neck)
 t - a +6 ring of strength (right hand)
 u - an uncursed ring of flight
 w - a +6 ring of strength (left hand)
 z - an uncursed ring of resist corrosion
Wands
 g - a wand of digging (2)
 v - a wand of disintegration (8)
 x - a wand of flame (4)
 B - a wand of polymorph (6)
 D - a wand of random effects (11)
 E - a wand of paralysis (7)
Scrolls
 a - 2 scrolls of fear
 n - 4 scrolls of remove curse
 p - a scroll of identify
 s - a scroll of enchant weapon
Potions
 b - 6 potions of stabbing {unknown}
 d - 2 potions of lignification {unknown}
 e - a potion of resistance {unknown}
 l - a potion of haste {unknown}
 m - 2 potions of flight {unknown}
 o - 3 potions of heal wounds {unknown}
 q - a potion of brilliance {unknown}
 r - 2 potions of ambrosia
 C - a potion of invisibility {unknown}


   Skills:
 - Level 3.2 Fighting
 * Level 15.4 Axes
 - Level 3.2 Armour
 - Level 9.0 Shields


You had 10 spell levels left.
You didn't know any spells.
Your spell library contained the following spells:

 Spells                   Type           Power        Failure   Level
 Animate Skeleton         Necr           #.....       87%         1
 Magic Dart               Conj           #...         87%         1
 Pain                     Necr           #...         87%         1
 Summon Small Mammal      Summ           #...         87%         1
 Call Imp                 Summ           #.......     95%         2
 Slow                     Hex            #.......     95%         2
 Call Canine Familiar     Summ           #.......     99%         3
 Conjure Flame            Conj/Fire      #.......     99%         3
 Mephitic Cloud           Conj/Pois/Air  #.......     99%         3
 Summon Guardian Golem    Hex/Summ       #.......     99%         3
 Vampiric Draining        Necr           #.........   99%         3
 Animate Dead             Necr           #.........   100%        4
 Cause Fear               Hex            #.........   100%        4
 Summon Ice Beast         Ice/Summ       #.......     100%        4
 Summon Lightning Spire   Summ/Air       #.......     100%        4
 Agony                    Necr           #.......     100%        5
 Silence                  Hex/Air        #.........   100%        5
 Yara's Violent Unravell  Hex/Tmut       #.........   100%        5
 Discord                  Hex            #.........   100%        8
 Blink                    Tloc           Unusable     N/A         2

Dungeon Overview and Level Annotations

Branches:
Dungeon (10/15)            Temple (1/1) D:7             Orc (0/2) D:9
   Lair: D:8-11

Altars:
Ashenzari
Cheibriados
Dithmenos
Elyvilon
Fedhas
Gozag
Hepliaklqana
Kikubaaqudgha
Makhleb
Nemelex Xobeh
Okawaru
Qazlal
Ru
Sif Muna
Trog
Uskayaw
Vehumet
Wu Jian
Xom
Yredelemnul
Zin
The Shining One
Beogh

Shops:
D:4 **

Annotations:
D:10 Erolcha


Innate Abilities, Weirdness & Mutations

You cannot be hasted, slowed, berserked, paralysed or teleported.
You can dig through walls and to a lower floor.
Your four strong arms can wield two-handed weapons with a shield.
You have a pair of large antennae on your head. (SInv)


Message History

You barely miss Erolcha.
Erolcha is moderately wounded.
You block Erolcha's attack.
You slash Erolcha! You burn Erolcha.
Erolcha is heavily wounded.
You block Erolcha's attack.
Okay, then.
You hit Erolcha. You burn Erolcha.
Erolcha is heavily wounded.
Erolcha gestures at you while chanting.
You easily resist.
Erolcha misses you.
You slash Erolcha! You burn Erolcha.
Erolcha is severely wounded.
Erolcha gestures at you while chanting.
You easily resist.
You closely miss Erolcha.
Erolcha is severely wounded.
Erolcha casts a spell at you. The bolt of cold hits you!
You die...

#..........#
#.......># #........#
###.###### #
###....###### ###.
#...........# .....
#...........#
......####...........#
......O@.#...........#
......##.'...........#
..... ###...........#
.### #...........#
#...........#
#...........#
###'######### #.# #.#


You could see Erolcha (fast).

Vanquished Creatures
  4 two-headed ogres
  An oklob plant (D:9)
  A manticore (D:7)
  The ghost of p0werm0de the Chopper, a novice DDFi of Makhleb (D:5)
  Prince Ribbit (D:7)
  3 hippogriffs
  A yak (D:7)
  Menkaure (D:7)
  4 orc warriors
  3 ice beasts
  A black bear (D:7)
  2 necrophages
  A sky beast (D:9)
  7 ogres
  4 centaurs
  3 big kobolds
  8 bullfrogs
  A wyvern skeleton (D:7)
  2 scorpions
  5 killer bees
  A howler monkey (D:5)
  A centaur zombie (D:5)
  2 quasits (D:7)
  A bullfrog zombie (D:9)
  A centaur skeleton (D:3)
  3 jellies
  A gnoll shaman (D:4)
  7 orc priests
  8 hounds
  Crazy Yiuf (D:7)
  Jessica (D:3)
  2 iguanas
  9 orc wizards
  8 worker ants
  A hound zombie (D:7)
  A hound skeleton (D:5)
  A mummy (D:5)
  3 gnolls (D:3)
  2 howler monkey skeletons (D:7)
  12 adders
  3 shadow imps
  A white imp (D:7)
  3 oozes
  5 adder zombies
  5 worms
  3 dart slugs
  5 leopard geckos
  52 orcs
  3 ball pythons
  9 giant cockroaches
  9 goblins
  9 hobgoblins
  13 jackals
  3 quokkas
  6 bats
  2 frilled lizards (D:1)
  A giant cockroach zombie (D:5)
  17 kobolds
  9 rats
  A spectral orc (D:3)
279 creatures vanquished.

Vanquished Creatures (others)
  A fungus (D:9)
  10 plants
11 creatures vanquished.

Grand Total: 290 creatures vanquished

Notes
Turn   | Place    | Note
-------+----------+-------------------------------------------
     0 | D:1      | HoaS the Formicid Fighter began the quest for the Orb.
     0 | D:1      | Reached XP level 1. HP: 18/18 MP: 1/1
    67 | D:1      | Reached XP level 2. HP: 19/24 MP: 2/2
   276 | D:1      | Reached XP level 3. HP: 29/29 MP: 3/3
   343 | D:1      | Reached skill level 3 in Axes
   971 | D:2      | Reached XP level 4. HP: 32/35 MP: 4/4
  1186 | D:2      | Found a sparkling altar of Nemelex Xobeh.
  1329 | D:2      | Reached skill level 4 in Axes
  1331 | D:2      | Reached XP level 5. HP: 39/41 MP: 5/5
  1858 | D:3      | Reached skill level 5 in Shields
  1925 | D:3      | Noticed Jessica
  1940 | D:3      | Killed Jessica
  1940 | D:3      | Reached XP level 6. HP: 43/47 MP: 6/6
  1945 | D:3      | Reached skill level 5 in Axes
  2410 | D:3      | Found a basalt altar of Yredelemnul.
  2593 | D:4      | Reached XP level 7. HP: 46/52 MP: 7/7
  2742 | D:4      | Reached skill level 6 in Axes
  2790 | D:4      | Found Ejuen's General Store.
  3068 | D:4      | Found Bivaisei's General Store.
  3101 | D:4      | Found a hazy altar of Hepliaklqana.
  3200 | D:5      | Entered Level 5 of the Dungeon
  3321 | D:5      | Reached skill level 7 in Axes
  3321 | D:5      | Reached XP level 8. HP: 54/58 MP: 8/8
  3347 | D:5      | Found a transporter.
  3347 | D:5      | Noticed p0werm0de's ghost (novice DDFi)
  3473 | D:5      | Noticed a hippogriff
  3496 | D:5      | Killed a hippogriff
  3496 | D:5      | Reached skill level 8 in Axes
  3692 | D:5      | Found a transporter.
  4225 | D:6      | Reached XP level 9. HP: 46/64 MP: 9/9
  4232 | D:6      | Reached skill level 9 in Axes
  4627 | D:6      | Reached skill level 10 in Axes
  4806 | D:6      | Found a glowing golden altar of the Shining One.
  4895 | D:7      | Found a staircase to the Ecumenical Temple.
  4908 | Temple   | Entered the Ecumenical Temple
  4935 | Temple   | Became a worshipper of Makhleb the Destroyer
  5158 | D:7      | Found a hide-covered altar of Uskayaw.
  5161 | D:7      | Found a snail-covered altar of Cheibriados.
  5161 | D:7      | Found an iron altar of Okawaru.
  5163 | D:7      | Found a glowing silver altar of Zin.
  5163 | D:7      | Found a glowing golden altar of the Shining One.
  5192 | D:7      | Found a stormy altar of Qazlal.
  5558 | D:7      | Reached skill level 11 in Axes
  5598 | D:7      | Reached XP level 10. HP: 70/70 MP: 10/10
  5615 | D:7      | Noticed a manticore
  5631 | D:7      | Killed a manticore
  5717 | D:7      | Reached skill level 12 in Axes
  5873 | D:7      | Noticed Menkaure
  5874 | D:7      | Noticed Prince Ribbit
  5879 | D:7      | Killed Menkaure
  5880 | D:7      | Killed Prince Ribbit
  5884 | D:7      | Reached * piety under Makhleb
  6168 | D:7      | Noticed a two-headed ogre
  6183 | D:7      | Killed a two-headed ogre
  6187 | D:7      | Reached skill level 13 in Axes
  6364 | D:7      | Found a runed translucent door.
  6365 | D:7      | Noticed Crazy Yiuf
  6545 | D:7      | Killed Crazy Yiuf
  6648 | D:4      | Bought a scroll of acquirement for 520 gold pieces
  6648 | D:4      | Acquired a +3 battleaxe of flaming
  7110 | D:8      | Reached XP level 11. HP: 75/75 MP: 11/11
  7168 | D:8      | Found a radiant altar of Vehumet.
  7172 | D:8      | Reached ** piety under Makhleb
  7384 | D:9      | Noticed a two-headed ogre
  7398 | D:8      | Killed a two-headed ogre
  7398 | D:8      | Reached skill level 14 in Axes
  7717 | D:9      | Noticed a two-headed ogre
  7725 | D:9      | Killed a two-headed ogre
  7990 | D:9      | Found a staircase to the Orcish Mines.
  8010 | D:9      | Found a blossoming altar of Fedhas.
  8029 | D:9      | Noticed an oklob plant
  8045 | D:9      | Killed an oklob plant
  8045 | D:9      | Reached skill level 15 in Axes
  8093 | D:9      | Found a roughly hewn altar of Beogh.
  8100 | D:9      | Reached *** piety under Makhleb
  8320 | D:5      | Killed p0werm0de's ghost
  8444 | D:10     | Entered Level 10 of the Dungeon
  8474 | D:10     | Noticed a two-headed ogre
  8475 | D:10     | Noticed Erolcha
  8482 | D:10     | Killed a two-headed ogre
  8485 | D:10     | HP: 3/75 [Erolcha/+0 giant club (11)]
  8490 | D:10     | Killed from afar by Erolcha

Illustrated notes

Levels and vault maps discovered:
D:1:      lightli_iron_boxes, layout_loops_ring
D:2:      layout_loops_ring, nemelex_xobeh_ov_fountains_minmay,
          minmay_misc_feat_four_crosses
D:3:      layout_loops_cross, yredelemnul_forgotten_temple_becter, uniq_jessica
D:4:      layout_basic, marbit_many_paths, serial_shops, kennysheep_mini,
          nicolae_shop_waterfront, palyth_stone_intersect
D:5:      layout_loops_cross, gammafunk_ghost_mausoleum, minmay_pentangle
D:6:      layout_cave_pools, grunt_decor_one_mirror,
          nicolae_tso_swordbearing_angel
D:7:      black_bear_nest_2, layout_basic, kennysheep_mini_moat,
          grunt_temple_overflow_open, minmay_temple_entry_stoned_glass,
          minmay_the_grid_2x2 [minmay_the_grid_minigrid_small,
          minmay_the_grid_garden, minmay_the_grid_eight,
          minmay_the_grid_prize_inner_circle], uniq_crazy_yiuf_cottage,
          uniq_prince_ribbit1, uniq_menkaure
D:8:      layout_basic, vehumet_altar_wand_db
D:9:      layout_basic, tgw_fedhas, minmay_orc_entry_temple_small
D:10:     layout_roguey, david_lair_generic, uniq_fannar, uniq_urug,
          uniq_erolcha
Temple:   minmay_freezing_vapour_temple

Skill      XL: |  1  2  3  4  5  6  7  8  9 10 11 |
---------------+----------------------------------+-----
Shields        | 4 5 6 8 9 |  9.0
Axes           | 3 4 5 7 8 11 13 15 | 15.4
Fighting       | |  3.2
Armour         | |  3.2

Action                   |  1- 3 |  4- 6 |  7- 9 | 10-12 || total
-------------------------+-------+-------+-------+-------++-------
Melee: War axe           |   107 |   189 |   328 |    77 ||   701
       Battleaxe         |       |       |       |   161 ||   161
 Abil: Dig               |       |     4 |       |     4 ||     8
  Use: Scroll            |     5 |     6 |     6 |     2 ||    19
       Potion            |       |       |     2 |     5 ||     7
Armor: Scale mail        |    36 |    13 |       |       ||    49
       Chain mail        |       |    54 |   101 |    62 ||   217
Dodge: Dodged            |    37 |    54 |    87 |    66 ||   244
Block: Kite shield       |    64 |    90 |   206 |   137 ||   497

Table legend: (Time is in decaauts)
 A = Elapsed time spent in this place.
 B = Non-inter-level travel time spent in this place.
 C = Inter-level travel time spent in this place.
 D = Time resting spent in this place.
 E = Time spent auto-exploring this place.
 F = Levels seen in this place.
 G = Mean time per level.
                   A        B        C        D        E       F      G
               +--------+--------+--------+--------+--------+-----+--------+
         Total |   8630 |   8010 |    620 |   1459 |   4585 |  11 |  784.5 |
       Dungeon |   8597 |   7977 |    620 |   1459 |   4571 |  10 |  859.7 |
        Temple |     32 |     32 |      0 |      0 |     14 |   1 |   32.0 |
               +--------+--------+--------+--------+--------+-----+--------+

Top non-repeatable levels by time:
     D:7: 1741 daAuts
     D:5: 1086 daAuts
     D:2: 994 daAuts
     D:8: 886 daAuts
     D:3: 867 daAuts
     D:6: 805 daAuts
     D:1: 759 daAuts
     D:4: 737 daAuts
     D:9: 674 daAuts
    D:10: 45 daAuts
  Temple: 32 daAuts
